 Dungeon Crawl Stone Soup version 0.26.0-10-g1f06aea511 (webtiles) character file.

Game seed: 459321996761956296

86 Amaterasu the Chopper (level 4, 0/35 HPs)
             Began as a Demonspawn Fighter on Jan 30, 2021.
             Succumbed to a scorpion's poison
             ... on level 2 of the Dungeon.
             The game lasted 00:01:09 (1103 turns).

Amaterasu the Chopper (Demonspawn Fighter)          Turns: 1103, Time: 00:01:09

Health: 0/35       AC:  6    Str: 18    XL:     4   Next: 27%
Magic:  4/4        EV:  7    Int:  9    God:
Gold:   95         SH:  8    Dex: 12    Spells: 3/3 levels left

rFire    + . .     SeeInvis .   a - +0 war axe
rCold    + . .     Faith    .   c - +0 kite shield
rNeg     . . .     Spirit   .   b - +0 scale mail
rPois    +         Reflect  .   (no helmet)
rElec    +         Harm     .   (no cloak)
rCorr    +         Rampage  .   (no gloves)
Will     .....                  (no boots)
Stlth    ..........             (no amulet)
HPRegen  0.11/turn              (no ring)
MPRegen  0.09/turn              (no ring)

@: lethally poisoned (0 -> -20), resistant
A: hooves 1, demonic guardian 1
a: no special abilities


You were on level 2 of the Dungeon.
You visited 1 branch of the dungeon, and saw 2 of its levels.

You collected 95 gold pieces.

Inventory:

Hand Weapons
 a - a +0 war axe (weapon)
Armour
 b - a +0 scale mail (worn)
 c - a +0 kite shield (worn)
Scrolls
 g - 2 scrolls of identify
 k - a scroll of fear {unknown}
 l - a scroll of remove curse
Potions
 d - 4 potions of might
 e - 2 potions of flight
 h - a potion of mutation {unknown}
 i - a potion of curing {unknown}
 j - a potion of heal wounds {unknown}


   Skills:
 - Level 3.0 Fighting
 + Level 4.2 Axes
 - Level 2.6 Armour
 - Level 2.6 Shields


You had 3 spell levels left.
You didn't know any spells.
Your spell library was empty.

Dungeon Overview and Level Annotations

Branches:
Dungeon (2/15)

Altars:


Innate Abilities, Weirdness & Mutations

You have large cloven feet.
A weak demonic guardian rushes to your aid.


Message History

You are too injured to fight recklessly!
You are too injured to fight recklessly!
You closely miss the scorpion. You kick the scorpion.
The scorpion is severely wounded.
You feel very sick. The scorpion stings you.
* * * LOW HITPOINT WARNING * * *
The scorpion stings you.
* * * LOW HITPOINT WARNING * * *
You slash the scorpion!
You kill the scorpion!
* * * LOW HITPOINT WARNING * * *
You feel sick.
Your Axes skill increases to level 4!
You have reached level 4!
You feel stronger.
Your demonic ancestry asserts itself...
You feel the presence of a demonic guardian.
It was a potion of resistance.
You feel protected.
You die...

##############
#............#
####.##########.#
##.##.# ####.####
#...#.# #!..@...#
......# #.!.†.$$#
......# #.......#
......# ..?......<.
....#...
...........###
........##.##.......#
#..##.#.##. #.......#
#..##.#.# ####.##.#
...# .#.#


There were no monsters in sight!

Vanquished Creatures
  A scorpion (D:2)
  An adder (D:2)
  2 leopard geckos (D:1)
  5 bats (D:2)
  A giant cockroach (D:2)
  5 goblins (D:1)
  4 hobgoblins
  3 frilled lizards
  A kobold (D:1)
  2 rats
25 creatures vanquished.

Notes
Turn   | Place    | Note
-------+----------+-------------------------------------------
     0 | D:1      | Amaterasu the Demonspawn Fighter began the quest for the
                  | Orb.
     0 | D:1      | Reached XP level 1. HP: 18/18 MP: 1/1
    44 | D:1      | Reached skill level 2 in Axes
   230 | D:1      | Gained mutation: You have large cloven feet. [demonic
                  | ancestry]
   230 | D:1      | Reached XP level 2. HP: 24/24 MP: 2/2
   869 | D:2      | Reached skill level 3 in Axes
   954 | D:2      | Reached XP level 3. HP: 29/29 MP: 3/3
  1091 | D:2      | Noticed a scorpion
  1102 | D:2      | Killed a scorpion
  1103 | D:2      | Reached skill level 4 in Axes
  1103 | D:2      | Gained mutation: A weak demonic guardian rushes to your
                  | aid. [demonic ancestry]
  1103 | D:2      | Reached XP level 4. HP: 2/35 MP: 4/4
  1103 | D:2      | Succumbed to a scorpion's poison

Illustrated notes

Levels and vault maps discovered:
D:1:      minmay_arrival_stair_chambers, layout_loops_ring, serial_aquarium,
          aquarium_bridge_straight [aquarium_subvault_bridge,
          aquarium_subvault_wall, aquarium_subvault_bridge,
          aquarium_subvault_wall], aquarium_bridge_square
          [aquarium_subvault_window, aquarium_subvault_wall,
          aquarium_subvault_bridge, aquarium_subvault_bridge],
          aquarium_window_fake, aquarium_window_fake, aquarium_view_2a,
          aquarium_view_2b
D:2:      layout_loops_ring, nicolae_overflow_crystal_walls, st_stairs_7

Skill      XL: |  1  2  3 |
---------------+----------+-----
Axes           | 2 3 4 |  4.2
Fighting       | |  3.0
Armour         | |  2.6
Shields        | |  2.6

Action                   |  1- 3 |  4- 6 || total
-------------------------+-------+-------++-------
Melee: War axe           |    64 |       ||    64
       Kick              |    10 |       ||    10
  Use: Scroll            |     5 |       ||     5
       Potion            |       |     1 ||     1
Armor: Scale mail        |    28 |       ||    28
Dodge: Dodged            |    19 |       ||    19
Block: Kite shield       |    38 |       ||    38
